 Dungeon Crawl Stone Soup version 0.26-a0-597-gb535b0901c (webtiles) character file.

Game seed: 17185077950486160471

1312 ANON1729 the Sneak (level 8, -14/57 HPs)
             Began as a Demonspawn Delver on Aug 25, 2020.
             Was an Initiate of Hepliaklqana.
             Killed by divine providence
             ... invoked by an orc priest
              (16 damage)
             ... on level 6 of the Dungeon.
             The game lasted 00:09:15 (4133 turns).

ANON1729 the Sneak (Demonspawn Delver)              Turns: 4133, Time: 00:09:16

Health: -14/57     AC: 16    Str: 14    XL:     8   Next: 32%
Magic:  8/8        EV: 13    Int: 12    God:    Hepliaklqana [......]
Gold:   291        SH:  0    Dex: 15    Spells: 7/7 levels left

rFire    + . .     SeeInvis .   u - +2 dagger (venom)
rCold    + + .     Faith    .   (no shield)
rNeg     . . .     Spirit   .   l - +1 ring mail {rC+}
rPois    .         Reflect  .   (helmet unavailable)
rElec    .         Harm     .   F - +2 cloak {Stlth+}
rCorr    .                      (no gloves)
MR       .....                  i - +0 pair of boots (curse)
Stlth    +++.......             (no amulet)
HPRegen  0.19/turn              f - +4 ring of protection
MPRegen  0.11/turn              v - ring of protection from cold

@: no status effects
A: reduced essence, horns 3, iridescent scales 1, demonic guardian 1, fire
resistance 1
a: Recall Ancestor, Ancestor Identity, Renounce Religion


You were on level 6 of the Dungeon.
You worshipped Hepliaklqana.
Hepliaklqana was noncommittal.
You visited 2 branches of the dungeon, and saw 7 of its levels.
You visited the Abyss 1 time.

You collected 291 gold pieces.

Inventory:

Hand Weapons
 a - a +0 short sword
 k - a +0 spear
 u - a +2 dagger of venom (weapon)
 E - a +3 quarterstaff of chaos
Missiles
 j - 33 poisoned darts (quivered)
Armour
 b - a +0 leather armour
 i - a cursed +0 pair of boots (worn)
 l - a +1 ring mail of cold resistance (worn)
 F - a +2 cloak of stealth (worn)
Jewellery
 f - a +4 ring of protection (left hand)
 v - a ring of protection from cold (right hand)
 w - an uncursed ring of fire
 A - an uncursed ring of stealth {unknown}
Wands
 g - a wand of digging (3)
 p - a wand of polymorph (12)
 B - a wand of acid (4)
 G - a wand of iceblast (8)
Scrolls
 c - a scroll of fog
 d - 4 scrolls of magic mapping
 e - 2 scrolls of fear
 h - 3 scrolls of remove curse {unknown}
 m - 3 scrolls of teleportation {unknown}
 n - 3 scrolls of immolation {unknown}
 o - 2 scrolls of noise {unknown}
 s - 3 scrolls of identify {unknown}
 y - a scroll of amnesia {unknown}
 z - a scroll of enchant armour {unknown}
Potions
 q - 3 potions of heal wounds {unknown}
 r - 2 potions of curing {unknown}
 t - a potion of brilliance {unknown}
 x - 2 potions of lignification {unknown}
 C - a potion of ambrosia {unknown}
 D - 3 potions of haste


   Skills:
 + Level 5.8 Fighting
 + Level 4.9 Short Blades
 + Level 4.9 Dodging
 + Level 6.8 Stealth


You had 7 spell levels left.
You didn't know any spells.
Your spell library contained the following spells:

 Spells                   Type           Power        Failure   Level
 Magic Dart               Conj           #...         56%         1
 Summon Small Mammal      Summ           #...         56%         1
 Blink                    Tloc           N/A          71%         2
 Call Imp                 Summ           #.......     71%         2
 Slow                     Hex            #.......     71%         2
 Call Canine Familiar     Summ           #.......     90%         3
 Conjure Flame            Conj/Fire      #.......     90%         3
 Mephitic Cloud           Conj/Pois/Air  #.......     90%         3
 Summon Guardian Golem    Hex/Summ       #.......     90%         3
 Summon Ice Beast         Ice/Summ       #.......     100%        4
 Summon Lightning Spire   Summ/Air       #.......     100%        4


Dungeon Overview and Level Annotations

Branches:
Dungeon (6/15)             Temple (1/1) D:4

Altars:
Ashenzari
Cheibriados
Dithmenos
Elyvilon
Gozag
Hepliaklqana
Kikubaaqudgha
Okawaru
Qazlal
Ru
Sif Muna
Trog
Uskayaw
Vehumet
Xom
Yredelemnul
The Shining One

Shops:
D:6 }}

Annotations:
D:4 3 runed translucent doors, brk's ghost, amateur NaWz
D:5 exclusion: gnoll


Innate Abilities, Weirdness & Mutations

You have a pair of large horns on your head.
You are partially covered in iridescent scales. (AC +2)
A weak demonic guardian rushes to your aid.
Your flesh is heat resistant. (rF+)
Your life essence is reduced to manifest your ancestor. (-10% HP)


Message History

You are too injured to fight recklessly!
You are too injured to fight recklessly!
You barely miss the orc priest.
The orc priest hits you but does no damage.
Thulani barely misses the orc priest.
You barely miss the orc priest.
The orc priest hits you but does no damage. x2
Thulani completely misses the orc priest.
You hit the orc priest.
The orc priest is poisoned.
The orc priest is moderately wounded.
The orc priest hits you but does no damage.
The orc priest calls down the wrath of Beogh upon you.
Beogh smites you!
* * * LOW HITPOINT WARNING * * *
Thulani hits the orc priest!
You swap places.
Your shadow imp hits the orc priest.
The orc priest dies!
The orc priest mumbles some strange prayers to Beogh against you.
Beogh smites you!
You die...

....... .......
....... .......
....... ##.......
##Ro...... #@5)......
##########.#....... #.
#.........)######## #
#. #.........#.^.#
.##. #.....).......)#
<... #...............#
#####.
#...............#
#.....
######.##.......##
#>....
#..##.......#####....8


You could see the friendly Thulani the ancestor, an orc priest and a friendly
shadow imp (summoned).

Vanquished Creatures
  Eustachio (D:5)
  A black bear (D:6)
  3 ogres
  A scorpion (D:4)
  A howler monkey (D:4)
  A gnoll shaman (D:4)
  2 hounds
  Crazy Yiuf (D:4)
  2 orc priests (D:4)
  A bullfrog skeleton (D:4)
  Ijyb (D:3)
  An iguana (D:5)
  An orc wizard (D:6)
  4 worker ants
  2 hound skeletons
  4 gnolls (D:5)
  6 adders
  A white imp (D:6)
  An ufetubus (D:5)
  An ooze (D:3)
  7 worms
  3 dart slugs
  5 leopard geckos
  12 orcs
  4 giant cockroaches
  3 goblins
  5 hobgoblins
  3 jackals (D:1)
  5 quokkas
  A ball python (D:1)
  11 bats
  4 frilled lizards
  A jackal skeleton (D:4)
  11 kobolds
  A leopard gecko zombie (D:5)
  A quokka zombie (D:6)
  6 rats
119 creatures vanquished.

Vanquished Creatures (collateral kills)
  A bullfrog (D:6)
  A bullfrog zombie (D:6)
  An orc priest (D:6)
  A leopard gecko (D:6)
  An orc (D:4)
  A quokka (D:4)
6 creatures vanquished.

Vanquished Creatures (others)
  A fungus (D:4)
1 creature vanquished.

Grand Total: 126 creatures vanquished

Notes
Turn   | Place    | Note
-------+----------+-------------------------------------------
     0 | D:5      | ANON1729 the Demonspawn Delver began the quest for the Orb.
     0 | D:5      | Reached XP level 1. HP: 18/18 MP: 1/1
    41 | D:5      | Gained mutation: You have a pair of small horns on your
                  | head. [demonic ancestry]
    41 | D:5      | Reached XP level 2. HP: 20/24 MP: 2/2
   100 | D:5      | Noticed an ogre
   191 | D:5      | Gained mutation: You are partially covered in iridescent
                  | scales. (AC +2) [demonic ancestry]
   191 | D:5      | Reached XP level 3. HP: 29/29 MP: 3/3
   212 | D:5      | Noticed Eustachio
   239 | D:5      | Killed Eustachio
   239 | D:5      | Reached skill level 5 in Stealth
   239 | D:5      | Reached XP level 4. HP: 13/37 MP: 4/4
   239 | D:5      | Gained mutation: You have a pair of horns on your head.
                  | [demonic ancestry]
   239 | D:5      | Reached XP level 5. HP: 15/42 MP: 5/5
   510 | D:4      | Noticed an ogre
   518 | D:4      | Killed an ogre
   518 | D:4      | Gained mutation: A weak demonic guardian rushes to your
                  | aid. [demonic ancestry]
   518 | D:4      | Reached XP level 6. HP: 25/48 MP: 6/6
  1027 | D:2      | Found a shadowy altar of Dithmenos.
  2082 | D:3      | Noticed Ijyb
  2118 | D:3      | Killed Ijyb
  2555 | D:3      | Found a shimmering altar of Xom.
  2561 | D:3      | Gained mutation: Your flesh is heat resistant. (rF+)
                  | [demonic ancestry]
  2561 | D:3      | Reached XP level 7. HP: 55/55 MP: 7/7
  2832 | D:4      | Noticed brk's ghost (amateur NaWz)
  2847 | D:4      | Found a runed translucent gate.
  2847 | D:4      | Found a runed translucent gate.
  2849 | D:4      | Found a runed translucent gate.
  2859 | D:4      | Reached skill level 6 in Stealth
  2893 | D:4      | Found a staircase to the Ecumenical Temple.
  2918 | D:4      | Reached skill level 5 in Fighting
  3186 | D:4      | Found a runed translucent door.
  3187 | D:4      | Noticed Crazy Yiuf
  3299 | Temple   | Entered the Ecumenical Temple
  3461 | Temple   | Became a worshipper of Hepliaklqana the Forgotten
  3519 | D:4      | Cast into level 1 of the Abyss (Crazy Yiuf)
  3621 | D:4      | Escaped the Abyss
  3626 | D:4      | Killed Crazy Yiuf
  3855 | D:6      | Found Maulliw's Gadget Shoppe.
  3870 | D:6      | Found a white marble altar of Elyvilon.
  3875 | D:6      | Gained mutation: You have a pair of large horns on your
                  | head. [demonic ancestry]
  3875 | D:6      | Reached XP level 8. HP: 55/56 MP: 8/8
  3888 | D:6      | Found Letz's Gadget Shop.
  4132 | D:6      | HP: 1/57 [orc priest/divine providence (15)]
  4133 | D:6      | Killed from afar by an orc priest

Illustrated notes

Levels and vault maps discovered:
D:1:      saegor_arrival_simple_a, layout_basic, serial_forest,
          infiniplex_forest_clump_long, infiniplex_forest_join,
          infiniplex_forest_end_1, infiniplex_forest_lined_corner
D:2:      layout_basic, old_standard_altar
D:3:      layout_basic, lemuel_round_altar, minmay_checkerbox, uniq_ijyb
D:4:      layout_cave_pools, minmay_temple_entry_junction,
          gammafunk_ghost_split, uniq_crazy_yiuf_cottage
D:5:      layout_basic, gup_sewer_entry_spiral, uniq_eustachio
D:6:      layout_rooms, old_standard_altar, serial_shops,
          nicolae_shop_statue_plus, shop, shop
Temple:   jpeg_temple_clearing

Skill      XL: |  1  2  3  4  5  6  7 |
---------------+----------------------+-----
Short Blades   | 2 3 4 |  4.9
Dodging        | 2 3 4 |  4.9
Fighting       | 4 5 |  5.8
Stealth        | 5 6 |  6.8

Action                   |  1- 3 |  4- 6 |  7- 9 || total
-------------------------+-------+-------+-------++-------
Melee: Short sword       |    41 |   182 |       ||   223
       Headbutt          |     5 |    45 |    19 ||    69
       Dagger            |       |    71 |   132 ||   203
       Unarmed           |       |    20 |       ||    20
  Use: Potion            |     1 |     1 |       ||     2
 Stab: Sleeping          |     3 |    16 |     5 ||    24
       Distracted        |       |       |     3 ||     3
Armor: Leather armour    |     5 |   106 |    11 ||   122
       Skin              |       |     2 |       ||     2
       Ring mail         |       |       |    19 ||    19
Dodge: Dodged            |    16 |   228 |    60 ||   304

Table legend: (Time is in decaauts)
 A = Elapsed time spent in this place.
 B = Non-inter-level travel time spent in this place.
 C = Inter-level travel time spent in this place.
 D = Time resting spent in this place.
 E = Time spent auto-exploring this place.
 F = Levels seen in this place.
 G = Mean time per level.
                   A        B        C        D        E       F      G
               +--------+--------+--------+--------+--------+-----+--------+
         Total |   4055 |   3815 |    240 |    861 |   1936 |   8 |  506.9 |
       Dungeon |   3761 |   3591 |    170 |    790 |   1868 |   6 |  626.8 |
        Temple |    191 |    122 |     69 |      0 |     65 |   1 |  191.0 |
         Abyss |    101 |    101 |      0 |     71 |      3 |   1 |  101.0 |
               +--------+--------+--------+--------+--------+-----+--------+

Top non-repeatable levels by time:
     D:4: 1038 daAuts
     D:3: 784 daAuts
     D:1: 686 daAuts
     D:5: 546 daAuts
     D:2: 441 daAuts
     D:6: 263 daAuts
  Temple: 191 daAuts
 Abyss:1: 101 daAuts
